 Dungeon Crawl Stone Soup version 0.29-a0-472-ge5599a681e (webtiles) character file.

Game seed: 16976400412406680128

558 Pelinal the Digger (level 7, -4/36 HPs)
             Began as a Gargoyle Earth Elementalist on May 22, 2022.
             Was a Follower of Elyvilon.
             Slain by a hornet (10 damage)
             ... on level 5 of the Dungeon.
             The game lasted 00:12:11 (3758 turns).

Pelinal the Digger (Gargoyle Earth Elementalist)    Turns: 3758, Time: 00:12:11

Health: -4/36      AC:  8    Str: 12    XL:     7   Next: 31%
Magic:  10/10      EV: 11    Int: 21    God:    Elyvilon [*.....]
Gold:   257        SH:  0    Dex: 10    Spells: 4/10 levels left

rFire   + . .      SeeInvis .   e - +0 hunting sling
rCold   . . .      Faith    .   (no shield)
rNeg    + . .      Spirit   .   o - +0 leather armour of the Guardian {+Inv Will+ Int+4}
rPois   ∞          Reflect  .   (no helmet)
rElec   +          Harm     .   (no cloak)
rCorr   .          Rampage  .   (no gloves)
Will    +....                   i - +0 pair of boots
Stlth   ++........              l - amulet of the acrobat
HPRegen 0.12/turn               n - ring of protection from fire
MPRegen 0.12/turn               (no ring)

@: no status effects
A: sickness immunity, AC +4, negative energy resistance 1, electricity
resistance, torment resistance 1, petrification resistance
a: Renounce Religion, Evoke Invisibility, Purification


You were on level 5 of the Dungeon.
You worshipped Elyvilon.
Elyvilon was aware of your devotion.
You visited 1 branch of the dungeon, and saw 5 of its levels.

You collected 257 gold pieces.

Inventory:

Hand Weapons
 e - a +0 hunting sling (weapon)
 f - a +0 dagger
Missiles
 a - 25 stones
 v - a throwing net
 w - 12 poisoned darts
Armour
 b - a +0 robe
 i - a +0 pair of boots (worn)
 o - the +0 leather armour of the Guardian (worn) {+Inv Will+ Int+4}
   (You found it on level 2 of the Dungeon)

   Int:       It affects your intelligence (+4).
   +Inv:      It lets you turn invisible.
   Will:      It increases your willpower.
Jewellery
 l - an amulet of the acrobat (around neck)
 n - a ring of protection from fire (left hand)
Wands
 u - a wand of flame (16)
Scrolls
 j - 2 scrolls of immolation
 k - a scroll of blinking
 m - a scroll of teleportation {unknown}
 p - a scroll of silence {unknown}
 s - a scroll of noise {unknown}
 x - a scroll of enchant armour {unknown}
Potions
 c - a potion of magic
 d - 2 potions of curing
 g - a potion of haste {unknown}
 h - 2 potions of might
 q - a potion of ambrosia
 t - a potion of attraction {unknown}
Miscellaneous
 r - a piece from Xom's chessboard (15/15)


   Skills:
 - Level 1.5 Dodging
 - Level 2.1 Stealth
 - Level 2.0 Spellcasting
 + Level 4.9 Conjurations
 - Level 0.7 Transmutations
 - Level 7.1 Earth Magic
 - Level 3.0 Invocations


You had 4 spell levels left.
You knew the following spells:

 Your Spells              Type           Power      Damage    Failure   Level
a - Sandblast             Erth           64%        2d14      1%          1
b - Stone Arrow           Conj/Erth      54%        3d10      4%          3
A - Passwall              Tmut/Erth      15%        N/A       5%          2

Your spell library contained the following spells:

 Spells                   Type           Power      Damage    Failure   Level
 Magic Dart               Conj           88%        1d7       2%          1
 Beastly Appendage        Tmut           10%        N/A       14%         1
 Summon Small Mammal      Summ           8%         N/A       19%         1
 Wereblood                Tmut           5%         N/A       22%         2
 Call Imp                 Summ           2%         N/A       28%         2
 Mephitic Cloud           Conj/Pois/Air  9%         N/A       28%         3
 Petrify                  Tmut/Erth      18%        N/A       36%         4
 Spider Form              Tmut/Pois      3%         N/A       43%         3
 Call Canine Familiar     Summ           2%         N/A       50%         3
 Summon Guardian Golem    Hex/Summ       2%         N/A       50%         3
 Irradiate                Conj/Tmut      7%         3d15      85%         5
 Sublimation of Blood     Necr           Unusable   N/A       N/A         2

Dungeon Overview and Level Annotations

Branches:
Dungeon (5/15)
 Temple: D:4-7

Altars:
Ashenzari
Elyvilon
Hepliaklqana
Trog
Beogh

Annotations:
D:2 Sigmund
D:3 exclusion: door


Innate Abilities, Weirdness & Mutations

You are immune to sickness and miasma.
Your stone body is resilient. (AC +4)
You are immune to poison.
You resist negative energy. (rN+)
You are resistant to electric shocks. (rElec)
You are resistant to unholy torment.
You are immune to petrification.


Message History

Press: ? - help, Shift-Dir - straight line, f/p - hornet
Aim: a hornet (73% to hit)
The blast of sand hits the hornet.
The hornet is lightly wounded.
a - 26 stones The hornet misses you.
Unknown command.
Okay, then.
Blink to where?
Press: ? - help, Dir - move target, p - hornet
As you read the scroll labelled GIAWAARUOJ, it crumbles to dust.
It was a scroll of blinking.
Casting: Sandblast (safe; 1% risk of failure)
Confirm with . or Enter, or press ? or * to list all spells.
Aiming: Stone Arrow (dangerous; 4% risk of failure)
Press: ? - help, Shift-Dir - straight line, f - hornet
Aim: a hornet (lightly wounded, 57% to hit)
The stone arrow hits the hornet.
The hornet is moderately wounded.
Casting: Stone Arrow (dangerous; 4% risk of failure)
Confirm with . or Enter, or press ? or * to list all spells.
Aiming: Stone Arrow (dangerous; 4% risk of failure)
Press: ? - help, Shift-Dir - straight line, f/p - hornet
Aim: a hornet (moderately wounded, 57% to hit)
The stone arrow misses the hornet.
The hornet barely misses you.
Unknown command.
Unknown command.
Casting: Stone Arrow (dangerous; 4% risk of failure)
Confirm with . or Enter, or press ? or * to list all spells.
Aiming: Sandblast (safe; 1% risk of failure)
Press: ? - help, Shift-Dir - straight line, f/p - hornet
Aim: a hornet (moderately wounded, 73% to hit)
The blast of sand hits the hornet!
The hornet is heavily wounded.
a - 25 stones The hornet stings you!
Elyvilon protects you from harm! Magic courses through your body.
The hornet barely misses you. The hornet stings you!
You die...

## .# ... ##.#
#.. ##..###
#..###.....#
#.......# #§..#
##..# #####
##.#######...####
#...y@..........
########....###
##...## ##....###
#. #.......## #.
#....†...# #.
#.######.# . ##.#
. #.># #


You could see a hornet.

Vanquished Creatures
  2 ogres
  A phantom (D:5)
  A jelly (D:4)
  3 iguanas
  2 orc wizards
  3 gnolls (D:4)
  7 adders
  2 dart slugs
  7 orcs
  5 bats
  6 endoplasms
  3 giant cockroaches
  6 goblins
  6 hobgoblins
  3 quokkas
  6 ball pythons
  2 frilled lizards (D:1)
  7 kobolds
  4 rats
76 creatures vanquished.

Notes
Turn   | Place    | Note
-------+----------+-------------------------------------------
     0 | D:1      | Pelinal the Gargoyle Earth Elementalist began the quest for
                  | the Orb.
     0 | D:1      | Reached XP level 1. HP: 10/10 MP: 3/3
    91 | D:1      | Reached skill level 4 in Earth Magic
   175 | D:1      | Reached XP level 2. HP: 15/15 MP: 3/5
  1014 | D:1      | Reached XP level 3. HP: 19/19 MP: 6/6
  1098 | D:2      | Reached skill level 5 in Earth Magic
  1324 | D:2      | Identified the +0 leather armour of the Guardian {+Inv
                  | Will+ Int+4}
  1465 | D:2      | Noticed Sigmund
  1483 | D:2      | Found a faded altar of an unknown god.
  1905 | D:3      | Found a bloodstained altar of Trog.
  2118 | D:3      | Learned a level 2 spell: Passwall
  2215 | D:3      | Found a broken altar of Ashenzari.
  2218 | D:3      | Found a white marble altar of Elyvilon.
  2220 | D:3      | Found a hazy altar of Hepliaklqana.
  2247 | D:3      | Became a worshipper of Elyvilon the Healer
  2299 | D:3      | Reached XP level 4. HP: 24/24 MP: 7/7
  2400 | D:4      | Reached skill level 6 in Earth Magic
  2400 | D:4      | Reached skill level 1 in Invocations
  2459 | D:4      | Reached XP level 5. HP: 28/28 MP: 5/8
  2916 | D:4      | Reached * piety under Elyvilon
  3046 | D:4      | Reached XP level 6. HP: 32/32 MP: 6/9
  3080 | D:4      | Reached skill level 7 in Earth Magic
  3100 | D:4      | Learned a level 3 spell: Stone Arrow
  3378 | D:5      | Entered Level 5 of the Dungeon
  3530 | D:5      | Reached XP level 7. HP: 34/36 MP: 5/10
  3745 | D:5      | Noticed a hornet
  3757 | D:5      | Elyvilon protects you from harm!
  3758 | D:5      | Slain by a hornet

Illustrated notes

Levels and vault maps discovered:
D:1:      nzn_arrival_crosshair, layout_basic, serial_rivers,
          chequers_serial_rivers_large_a, chequers_serial_rivers_room_a,
          chequers_serial_rivers_micro_b, chequers_serial_rivers_marsh,
          chequers_serial_rivers_micro_c, kennysheep_doodads,
          dreamdust_princess_bridge
D:2:      layout_loops_ring, shapermc_ecumenical_altar_gd, uniq_sigmund
D:3:      layout_basic, bloody_trog, grunt_temple_overflow_open,
          kennysheep_orc_chapel
D:4:      layout_basic
D:5:      layout_layer_cave, gup_ossuary_entry_pyramid, abandoned_shop,
          grunt_ministairs_15, hellmonk_bongcloud_opening, bh_walls_and_bars,
          uniq_duvessa

Skill      XL: |  1  2  3  4  5  6 |
---------------+-------------------+-----
Earth Magic    | 4 5 6 7 |  7.1
Invocations    | 1 3 |  3.0
Conjurations   | 4 |  4.9
Dodging        | |  1.5
Stealth        | |  2.1
Spellcasting   | |  2.0
Transmutations | |  0.7

Action                   |  1- 3 |  4- 6 |  7- 9 || total
-------------------------+-------+-------+-------++-------
 Fire: Hunting sling     |    31 |     8 |       ||    39
Throw: Dart              |       |     4 |       ||     4
 Cast: Sandblast         |    42 |    46 |     7 ||    95
       Stone Arrow       |       |     1 |     4 ||     5
Evoke: Wand              |       |     1 |       ||     1
  Use: Scroll            |       |     4 |     1 ||     5
       Potion            |       |       |     2 ||     2
Armor: Robe              |     6 |       |       ||     6
       Leather armour    |     5 |       |     2 ||     7
Dodge: Dodged            |    18 |    12 |     4 ||    34

Table legend: (Time is in decaauts)
 A = Elapsed time spent in this place.
 B = Non-inter-level travel time spent in this place.
 C = Inter-level travel time spent in this place.
 D = Time resting spent in this place.
 E = Time spent auto-exploring this place.
 F = Levels seen in this place.
 G = Mean time per level.
                   A        B        C        D        E       F      G
               +--------+--------+--------+--------+--------+-----+--------+
         Total |   3793 |   3728 |     65 |    247 |   2595 |   5 |  758.6 |
       Dungeon |   3793 |   3728 |     65 |    247 |   2595 |   5 |  758.6 |
               +--------+--------+--------+--------+--------+-----+--------+

Top non-repeatable levels by time:
     D:1: 1109 daAuts
     D:4: 1011 daAuts
     D:2: 820 daAuts
     D:3: 472 daAuts
     D:5: 379 daAuts
